 Dungeon Sprint DCSS version 0.19.5 (webtiles) character file.

1196 equalderp2856 the Thaumaturge (level 8, -5/46 HPs)
             Began as a Deep Elf Ice Elementalist on Apr 2, 2017.
             Was an Initiate of Gozag.
             Killed from afar by an orc sorcerer (36 damage)
             ... with a bolt of negative energy
             ... led by an orc knight
             ... in the Dungeon (Sprint VII: "The Pits").
             The game lasted 00:09:35 (2515 turns).

equalderp2856 the Thaumaturge (DEIE)                Turns: 2515, Time: 00:09:35

Health: -5/46      AC:  2    Str:  6    XL:     8   Next: 20%
Magic:  18/26      EV: 18    Int: 22    God:    Gozag
Gold:   1944       SH:  0    Dex: 15    Spells: 5 memorised, 18 levels left

rFire  . . .     SeeInvis .     q - staff of energy
rCold  . . .     Gourm    .     a - +0 robe
rNeg   . . .     Faith    .     (no shield)
rPois  .         Spirit   .     (no helmet)
rElec  .         Reflect  .     (no cloak)
rCorr  .         Harm     .     (no gloves)
MR     .....     NoTele   +     (no boots)
Stlth  +++.......               (no amulet)
                                (no ring)
                                (no ring)

@: drained
A: no striking features
a: Potion Petition, Call Merchant, Bribe Branch, Renounce Religion


You were in the Dungeon.
You worshipped Gozag.
Gozag was most pleased with you.
You were very full.

You visited 1 branch You collected 1944 gold pieces.

Inventory:

Hand Weapons
 d - a +2 long sword of holy wrath
 e - a +0 flail of protection
 s - a +2 mace
 t - a +2 trident
 u - a +2 quarterstaff
 v - a +2 hand axe
 w - a +2 dagger
 x - a +2 falchion
 y - a +2 dagger of draining
 B - a +0 trident of piercing
 C - a +1 quarterstaff of protection
 D - a +0 hand axe of chopping
Missiles
 p - 10 stones (quivered)
Armour
 a - a +0 robe (worn)
 E - a +3 chain mail
 F - a +3 scale mail
Magical Staves
 q - an uncursed staff of energy (weapon)
Scrolls
 i - a scroll of blinking
 k - 3 scrolls of remove curse
 l - 5 scrolls of amnesia
 m - a scroll of summoning
 r - 2 scrolls of vulnerability
Potions
 f - a potion of haste
 g - 3 potions of magic
 h - 3 potions of berserk rage
 j - 2 potions of invisibility
 z - 2 potions of heal wounds
 A - 5 potions of curing
Books
 b - a book of Frost

   Spells                             Type                      Level
   a - Freeze                         Ice                          1
   b - Throw Frost                    Conjuration/Ice              2
   c - Ozocubu's Armour               Charms/Ice                   3
   d - Throw Icicle                   Conjuration/Ice              4
   e - Summon Ice Beast               Ice/Summoning                4
Comestibles
 c - 6 bread rations
 n - 34 fruits
 o - 5 meat rations


   Skills:
 + Level 3.1(2.5) Fighting
 + Level 4.0(3.3) Staves
 + Level 9.2(8.4) Dodging
 + Level 5.6(4.9) Stealth
 + Level 12.5(11.7) Spellcasting
 + Level 4.7(4.0) Conjurations
 + Level 0.4(0.0) Charms
 + Level 4.1(3.5) Summonings
 + Level 11.1(10.3) Ice Magic


You had 18 spell levels left.
You knew the following spells:

 Your Spells              Type           Power        Failure   Level  Hunger
a - Freeze                Ice            ####         1%          1    None
b - Throw Frost           Conj/Ice       #####.       1%          2    None
c - Ozocubu's Armour      Chrm/Ice       #####...     1%          3    None
d - Throw Icicle          Conj/Ice       #####...     2%          4    None
e - Summon Ice Beast      Ice/Summ       #####...     3%          4    None


Dungeon Overview and Level Annotations

Branches:
Dungeon (1/1)

Altars:
Ashenzari
Cheibriados
Dithmenos
Elyvilon
Fedhas
Gozag
Hepliaklqana
Kikubaaqudgha
Makhleb
Nemelex Xobeh
Okawaru
Qazlal
Ru
Sif Muna
Trog
Uskayaw
Vehumet
Xom
Yredelemnul
Zin
The Shining One
Beogh
Jiyva
Lugonu


Message History

There is a huge open gate to the Metal Vault (Medium) here.
Okay, then.
Unknown command.
Casting: Summon Ice Beast
Confirm with . or Enter, or press ? or * to list all spells.
A chill wind blows around you. The orc warrior completely misses you.
Casting: Summon Ice Beast
Confirm with . or Enter, or press ? or * to list all spells.
A chill wind blows around you. The orc warrior misses you.
You swap places.
The orc priest mumbles some strange prayers to Beogh against you.
Beogh smites you!
The orc warrior hits your ice beast with a trident!
Your ice beast closely misses the orc sorcerer.
There is a huge open gate to the Metal Vault (Medium) here.
The orc sorcerer casts a spell at you. The bolt of negative energy hits you!
You feel drained.
Ouch! That really hurt!
You die...
Your body crumbles into a pile of gold.

______# ______#
#####'###########++######
#...#)##................#
'...')##......#..#......#
#####.##................+
.).....'))......).......+
##'#####......#..#......#
#..#..##........@.......#
'..'..#####'#####''######
####'###.......##'Y#
......##......)##oo#
......##.......##oY.#
##'#####...<...###...#
......##.......# ##....
......##.......# .###+
########.......# ##


You could see an orc sorcerer, an orc warrior, an orc priest and 2 friendly ice
beasts.

Vanquished Creatures
  A fire bat (D)
  A floating eye (D)
  A porcupine (D)
  An ice beast (D)
  2 orc wizards (D)
  An orc priest (D)
  3 worker ants (D)
  A gnoll (D)
  A river rat (D)
  A leopard gecko (D)
  5 orcs (D)
  2 giant cockroaches (D)
  2 jackals (D)
  A quokka (D)
  A goblin (D)
24 creatures vanquished.

Vanquished Creatures (collateral kills)
  A deep elf mage (D)
  A spiny frog (D)
  A hungry ghost (D)
  An ice beast (D)
  2 orc wizards (D)
  3 orcs (D)
9 creatures vanquished.

Grand Total: 33 creatures vanquished

Notes
Turn   | Place    | Note
-------+----------+-------------------------------------------
     0 | D        | equalderp2856 the Deep Elf Ice Elementalist began the quest for the Orb.
     0 | D        | Reached XP level 1. HP: 10/10 MP: 6/6
    38 | D        | Reached XP level 2. HP: 15/15 MP: 3/8
    83 | D        | Found a radiant altar of Vehumet.
    83 | D        | Found a hide-covered altar of Uskayaw.
    83 | D        | Found an ancient bone altar of Kikubaaqudgha.
    83 | D        | Found a viscous altar of Jiyva.
    83 | D        | Found a hazy altar of Hepliaklqana.
    84 | D        | Found a bloodstained altar of Trog.
    84 | D        | Found a deep blue altar of Sif Muna.
    84 | D        | Found a sacrificial altar of Ru.
    84 | D        | Found a stormy altar of Qazlal.
    84 | D        | Found an iron altar of Okawaru.
    84 | D        | Found a sparkling altar of Nemelex Xobeh.
    84 | D        | Found an opulent altar of Gozag.
    84 | D        | Found a blossoming altar of Fedhas.
    84 | D        | Found a white marble altar of Elyvilon.
    84 | D        | Found a shadowy altar of Dithmenos.
    84 | D        | Found a snail-covered altar of Cheibriados.
    85 | D        | Found a glowing golden altar of the Shining One.
    85 | D        | Found a glowing silver altar of Zin.
    87 | D        | Found a roughly hewn altar of Beogh.
    87 | D        | Found a burning altar of Makhleb.
    87 | D        | Found a basalt altar of Yredelemnul.
    88 | D        | Found a shattered altar of Ashenzari.
    88 | D        | Found a corrupted altar of Lugonu.
    88 | D        | Found a shimmering altar of Xom.
    90 | D        | Became a worshipper of Gozag Ym Sagoz the Greedy
   145 | D        | Noticed a floating eye
   150 | D        | Paralysed by a floating eye for 3 turns
   157 | D        | Paralysed by a floating eye for 3 turns
   165 | D        | Paralysed by a floating eye for 2 turns
   172 | D        | Paralysed by a floating eye for 4 turns
   178 | D        | Paralysed by a floating eye for 4 turns
   184 | D        | Killed a floating eye
   184 | D        | Reached skill level 6 in Spellcasting
   184 | D        | Reached XP level 3. HP: 19/19 MP: 8/12
   184 | D        | Reached XP level 4. HP: 24/24 MP: 9/14
   247 | D        | Reached skill level 5 in Dodging
   247 | D        | Reached XP level 5. HP: 20/28 MP: 10/16
   256 | D        | Learned a level 2 spell: Throw Frost
   260 | D        | Learned a level 3 spell: Ozocubu's Armour
   265 | D        | Learned a level 4 spell: Throw Icicle
   270 | D        | Learned a level 4 spell: Summon Ice Beast
   369 | D        | Reached skill level 5 in Stealth
   466 | D        | Noticed a hungry ghost
   520 | D        | Killed a hungry ghost
   520 | D        | Reached skill level 1 in Fighting
   520 | D        | Reached skill level 8 in Spellcasting
  1163 | D        | Reached XP level 6. HP: 22/34 MP: 13/19
  1171 | D        | Reached skill level 9 in Spellcasting
  1171 | D        | Reached skill level 1 in Summonings
  1327 | D        | Noticed a deep elf mage
  1341 | D        | Killed a deep elf mage
  1341 | D        | Reached skill level 10 in Spellcasting
  1341 | D        | Reached skill level 10 in Ice Magic
  1341 | D        | Reached XP level 7. HP: 38/40 MP: 2/23
  1730 | D        | Reached skill level 11 in Spellcasting
  1826 | D        | Noticed a spiny frog
  1836 | D        | Killed a spiny frog
  1936 | D        | Noticed a fire bat
  1959 | D        | Reached skill level 12 in Spellcasting
  2087 | D        | Killed a fire bat
  2087 | D        | Reached XP level 8. HP: 46/46 MP: 21/26
  2269 | D        | Noticed a hippogriff
  2269 | D        | Noticed a guardian mummy
  2508 | D        | Noticed an orc sorcerer
  2515 | D        | Killed from afar by an orc sorcerer

Skill      XL: |  1  2  3  4  5  6  7  8 |
---------------+-------------------------+-----
Ice Magic      | 4 8 9 10 11 | 11.1
Dodging        | 4 5 7 9 |  9.2
Stealth        | 4 5 |  5.6
Spellcasting   | 6 8 10 12 | 12.5
Fighting       | 1 2 3 |  3.1
Staves         | 2 3 4 |  4.0
Summonings     | 2 4 |  4.1
Conjurations   | 2 4 |  4.7
Charms         | |  0.4

Action                   |  1- 3 |  4- 6 |  7- 9 || total
-------------------------+-------+-------+-------++-------
Melee: Unarmed           |    26 |       |       ||    26
       Staff             |       |    53 |    42 ||    95
 Cast: Freeze            |     3 |    15 |     2 ||    20
       Throw Icicle      |       |     9 |    13 ||    22
       Summon Ice Beast  |       |     4 |    10 ||    14
       Throw Frost       |       |     3 |     1 ||     4
       Ozocubu's Armour  |       |       |     1 ||     1
  Use: Potion            |       |     3 |     3 ||     6
 Stab: Sleeping          |     1 |     3 |     1 ||     5
  Eat: Fruit             |       |     6 |       ||     6
       Meat ration       |       |     1 |     1 ||     2
       Bread ration      |       |     1 |     1 ||     2
Armor: Robe              |       |    15 |     9 ||    24
Dodge: Dodged            |     3 |    81 |    53 ||   137
